 Dungeon Crawl Stone Soup version 0.31-a0-174-g85c54bcb58 (webtiles) character file.

Game seed: 173559412796544095

8903 Anon1729 the Fighter (level 11, -4/89 HPs)
             Began as a Minotaur Monk on June 15, 2023.
             Was an Elder of Hepliaklqana.
             Slain by a sun demon (10 damage)
             ... on level 9 of the Dungeon.
             The game lasted 00:05:44 (8147 turns).

Anon1729 the Fighter (Minotaur Monk)                Turns: 8147, Time: 00:05:44

Health: -4/89      AC:  9    Str: 19    XL:     11   Next: 16%
Magic:  24/24      EV: 19    Int: 13    God:    Hepliaklqana [****..]
Gold:   1611       SH:  0    Dex: 23    Spells: 10/10 levels left

rFire   . . .        b - +7 short sword "Nutemom" {spect, MP+9 Str+3}
rCold   . . .        d - orb {light}
rNeg    . . .        z - +3 leather armour
rPois   .            l - +0 hat
rElec   .            (no cloak)
rCorr   .            (no gloves)
SInv    .            G - +1 pair of boots {Fly}
Will    .....        p - amulet of regeneration
Stlth   +            w - +6 ring of intelligence
HPRegen 1.14/turn    D - +6 ring of dexterity
MPRegen 0.19/turn

%: no passive effects
@: mighty, weakened, flying, glowing
A: reduced essence, horns 2, retaliatory headbutt
a: Renounce Religion, Recall Ancestor, Ancestor Identity, Transference, Idealise


You were on level 9 of the Dungeon.
You worshipped Hepliaklqana.
Hepliaklqana was greatly pleased with you.
You visited 1 branch of the dungeon, and saw 9 of its levels.
You also visited: Bailey.

You collected 1611 gold pieces.

Inventory:

Hand Weapons
 b - the +7 short sword "Nutemom" (weapon) {spect, MP+9 Str+3}
   (You found it on level 5 of the Dungeon)

   Str:       It affects your strength (+3).
   MP:        It affects your magic capacity (+9).
 j - a +1 dagger of freezing
Armour
 d - an orb of light (worn)
 l - a +0 hat (worn)
 n - a scarf of invisibility
 z - a +3 leather armour (worn)
 G - a +1 pair of boots of flying (worn)
Jewellery
 p - an amulet of regeneration (around neck)
 r - a ring of protection from fire
 w - a +6 ring of intelligence (left hand)
 B - an amulet of reflection
 D - a +6 ring of dexterity (right hand)
Wands
 e - a wand of polymorph (11)
 A - a wand of light (11)
 E - a wand of charming (30)
Scrolls
 f - 2 scrolls of immolation
 k - 6 scrolls of teleportation
 m - 2 scrolls of torment
 o - 2 scrolls of fear
 s - 3 scrolls of vulnerability
 x - 2 scrolls of amnesia
 y - 2 scrolls of fog {unknown}
 F - a scroll of enchant armour
 H - a scroll of butterflies {unknown}
Potions
 a - 2 potions of invisibility
 c - 3 potions of ambrosia
 g - 2 potions of might
 h - a potion of berserk rage {unknown}
 i - 6 potions of curing
 q - 2 potions of haste {unknown}
 t - a potion of brilliance {unknown}
 u - 4 potions of enlightenment
 v - 4 potions of cancellation {unknown}
 C - a potion of heal wounds {unknown}


   Skills:
 + Level 10.0 Fighting
 + Level 9.3 Short Blades
 + Level 9.3 Armour
 + Level 9.2 Dodging
 + Level 7.7 Invocations


You had 10 spell levels left.
You didn't know any spells.
Your spell library contained the following spells:

 Spells                   Type           Power      Damage    Failure   Level
 Freeze                   Ice            0%         1d3       34%         1
 Petrify                  Tmut/Erth      0%         N/A       98%         4
 Blade Hands              Tmut           0%         N/A       100%        5
 Metabolic Englaciation   Hex/Ice        0%         N/A       100%        5
 Summon Forest            Summ/Tloc      0%         N/A       100%        5
 Summon Mana Viper        Hex/Summ       0%         N/A       100%        5
 Statue Form              Tmut/Erth      0%         N/A       100%        6
 Summon Cactus Giant      Summ           0%         N/A       100%        6


Dungeon Overview and Level Annotations

Branches:
Dungeon (9/15)             Temple (0/1) D:5          Bailey (visited)
   Lair: D:8-11         Orc: D:9-12

Altars:
Dithmenos
Fedhas
Gozag
Hepliaklqana
Makhleb
Sif Muna
Uskayaw
Vehumet
Xom

Shops:
D:5 *


Innate Abilities, Weirdness & Mutations

Your life essence is reduced to manifest your ancestor. (-10% HP)
You have a pair of horns on your head.
You reflexively headbutt those who attack you in melee.


Message History

The chaos spawn draws strength from your injuries!
You hit the sun demon.
You headbutt the sun demon, but do no damage.
The sun demon is heavily wounded.
Your +7 short sword "Nutemom" {spect, MP+9 Str+3} closely misses the sun demon.
Tertia hits the sun demon but does no damage.
You hit the sun demon. You headbutt the sun demon.
The sun demon is severely wounded.
Your +7 short sword "Nutemom" {spect, MP+9 Str+3} hits the sun demon.
The sun demon hits you.
You are engulfed in flames!
Tertia closely misses the sun demon.
The chaos spawn misses you. You furiously retaliate!
You headbutt the chaos spawn!
Tertia hits the sun demon with a +0 dagger of draining.
You are too injured to fight recklessly!
You are too injured to fight recklessly!
You are too injured to fight recklessly!
You are too injured to fight recklessly!
You are too injured to fight recklessly!
You are too injured to fight recklessly!
You are too injured to fight recklessly!
You are too injured to fight recklessly!
You are too injured to fight recklessly!
You are too injured to fight recklessly!
You are too injured to fight recklessly!
You are too injured to fight recklessly!
You are too injured to fight recklessly!
You are too injured to fight recklessly!
You are too injured to fight recklessly!
You are too injured to fight recklessly!
You are too injured to fight recklessly!
You are too injured to fight recklessly!
You are too injured to fight recklessly!
You are too injured to fight recklessly!
You hit the sun demon but do no damage. You headbutt the sun demon.
The sun demon is almost dead.
Your +7 short sword "Nutemom" {spect, MP+9 Str+3} misses the sun demon.
The sun demon hits you!!
* * * LOW HITPOINT WARNING * * *
You are engulfed in flames!
You die...

.......... . #... .
....[. .....#..#.#
#....# ... .#..#. #....#
#.# .... #....# #.#
#..##### #....###.##
#..§P..##
.#....##...###..P§§P.#
.....<#..........§≈P.##.
##....)....###.#@4......
######.#.## #...3......
#.### ###R(...... #.#
###...... ... ...... #.#
...∩.. #.# ..... ..#
..... ###


You could see the friendly Tertia the hexer, a sun demon (ally target), a chaos
spawn and a friendly +7 short sword "Nutemom" {spect, MP+9 Str+3}.

Vanquished Creatures
  A two-headed ogre (D:8)
  A sixfirhy (D:9)
  The ghost of Shym the Trooper, a novice DjCj of Makhleb (D:7)
  An orange demon (D:9)
  The ghost of casual the Chopper, an amateur HOCA of Ignis (D:7)
  The ghost of FlatIsJustice the Digger, a novice DEEE (D:6)
  Sigmund (D:3)
  A wyvern (D:8)
  5 yaks (D:8)
  A steam dragon (D:8)
  A water moccasin (D:6)
  8 orc warriors
  A sky beast (D:6)
  A black bear (D:7)
  3 ice beasts
  An ogre (D:6)
  A centaur (D:6)
  A phantom (D:7)
  4 bullfrogs
  A scorpion (D:5)
  3 wights (D:6)
  4 killer bees (D:8)
  3 howler monkeys
  3 hounds
  A quasit (D:9)
  3 orc priests
  A gnoll bouda (D:6)
  Ijyb (D:4)
  5 iguanas
  6 orc wizards
  4 gnolls
  10 adders
  2 white imps
  2 ufetubi
  2 worms
  4 dart slugs
  44 orcs
  7 ball pythons
  6 bats
  8 endoplasms
  4 giant cockroaches
  12 goblins
  11 hobgoblins
  12 jackals
  3 quokkas
  4 frilled lizards
  22 kobolds
  6 rats
229 creatures vanquished.

Vanquished Creatures (collateral kills)
  A two-headed ogre (D:9)
  The ghost of discopopstar the Cleaver, a novice MiBe of Trog (D:7)
  A yak (D:8)
  A water moccasin (D:6)
  2 orc warriors
  An ice beast (D:7)
  2 black bears
  2 ogres
  2 phantoms (D:4)
  A sleepcap (D:6)
  2 iguanas
  3 orc wizards
  An ufetubus (D:5)
  6 orcs
  3 jackals
  6 kobolds
  A frilled lizard (D:2)
36 creatures vanquished.

Grand Total: 265 creatures vanquished

Notes
Turn   | Place    | Note
-------+----------+-------------------------------------------
     0 | D:1      | Anon1729 the Minotaur Monk began the quest for the Orb.
     0 | D:1      | Reached XP level 1. HP: 19/19 MP: 0/0
   141 | D:1      | Reached XP level 2. HP: 27/27 MP: 1/1
   157 | D:1      | Found a faded altar of an unknown god.
   342 | D:1      | Reached skill level 1 in Armour
   498 | D:1      | Reached skill level 1 in Invocations
   534 | D:1      | Reached XP level 3. HP: 33/33 MP: 2/2
   559 | D:1      | Reached skill level 4 in Fighting
   935 | D:1      | Prayed at the altar of an unknown god.
   935 | D:1      | Became a worshipper of Hepliaklqana the Forgotten
   935 | D:1      | Reached * piety under Hepliaklqana
   935 | D:1      | Reached ** piety under Hepliaklqana
   936 | D:1      | Remembered your ancestor Tertia as a hexer
  1271 | D:2      | Reached XP level 4. HP: 36/36 MP: 4/4
  1273 | D:2      | Reached *** piety under Hepliaklqana
  2166 | D:3      | Noticed Sigmund
  2174 | D:3      | Killed Sigmund
  2175 | D:3      | Reached XP level 5. HP: 42/42 MP: 5/5
  2175 | D:3      | Reached XP level 6. HP: 49/49 MP: 6/6
  2377 | D:3      | Reached skill level 5 in Fighting
  3134 | D:4      | Reached XP level 7. HP: 54/54 MP: 8/8
  3163 | D:4      | Reached skill level 5 in Short Blades
  3299 | D:4      | Noticed Ijyb
  3332 | D:4      | Killed Ijyb
  3333 | D:4      | Reached skill level 5 in Dodging
  3347 | D:4      | Reached **** piety under Hepliaklqana
  3474 | D:4      | Noticed a +0 short sword
  3475 | D:4      | Noticed a +0 spear
  3475 | D:4      | Noticed a +0 dagger
  3475 | D:4      | Noticed a +0 falchion
  3476 | D:4      | Noticed a +0 dagger
  3476 | D:4      | Noticed a +0 short sword
  3476 | D:4      | Noticed a +0 falchion
  3476 | D:4      | Noticed a +0 spear
  3656 | D:4      | Found a hide-covered altar of Uskayaw.
  3799 | D:4      | Found a burning altar of Makhleb.
  4231 | D:5      | Entered Level 5 of the Dungeon
  4353 | D:5      | Found a staircase to the Ecumenical Temple.
  4422 | D:5      | Found an opulent altar of Gozag.
  4542 | D:5      | Reached skill level 6 in Fighting
  4542 | D:5      | Reached XP level 8. HP: 12/63 MP: 8/10
  4780 | D:5      | Identified the +7 short sword "Nutemom" {spect, MP+9 Str+3}
  4943 | D:5      | Reached skill level 5 in Armour
  5246 | D:5      | Found Hump's Overcharged Wands.
  5351 | D:5      | Found a shimmering altar of Xom.
  5567 | D:5      | Found a shimmering blue altar of Sif Muna.
  5823 | D:6      | Found a radiant altar of Vehumet.
  5837 | D:6      | Reached skill level 7 in Fighting
  5845 | D:6      | Found a shadowy altar of Dithmenos.
  5862 | D:6      | Reached skill level 5 in Invocations
  5901 | D:6      | Reached XP level 9. HP: 66/70 MP: 11/11
  5957 | D:6      | Noticed FlatIsJustice's ghost (novice DEEE)
  6035 | D:6      | Found a runed translucent door.
  6294 | D:6      | Killed FlatIsJustice's ghost
  6374 | D:7      | Identified the +9 quarterstaff of the Exiled Artisans
                  | {freeze, Fragile +Blink Str+3}
  6394 | D:7      | Found a blossoming altar of Fedhas.
  6454 | D:7      | Reached skill level 8 in Fighting
  6589 | D:7      | Found a flagged portal.
  6600 | Bailey   | Entered a bailey
  6821 | Bailey   | Reached XP level 10. HP: 67/81 MP: 13/13
  6967 | Bailey   | Identified the +2 helmet of the Untouchables {+Blink}
  7151 | D:7      | Found a runed translucent gate.
  7152 | D:7      | Found a runed translucent gate.
  7153 | D:7      | Found a runed translucent gate.
  7156 | D:7      | Noticed Shym's ghost (novice DjCj)
  7156 | D:7      | Noticed discopopstar's ghost (novice MiBe)
  7158 | D:7      | Noticed casual's ghost (amateur HOCA)
  7363 | D:7      | Killed discopopstar's ghost
  7365 | D:7      | Killed Shym's ghost
  7366 | D:7      | Reached skill level 9 in Fighting
  7373 | D:7      | Killed casual's ghost
  7392 | D:7      | Got the Atlas of the Inconstant Snowflakes
  7478 | D:8      | Noticed a two-headed ogre
  7486 | D:8      | Killed a two-headed ogre
  8073 | D:9      | Noticed a two-headed ogre
  8078 | D:9      | Killed a two-headed ogre
  8079 | D:9      | Reached XP level 11. HP: 47/89 MP: 15/15
  8126 | D:9      | Noticed a sixfirhy
  8127 | D:9      | Noticed a sun demon
  8133 | D:9      | Killed a sixfirhy
  8134 | D:9      | Reached skill level 10 in Fighting
  8147 | D:9      | Slain by a sun demon

Illustrated notes

Levels and vault maps discovered:
D:1:      ebering_trefoil_twist, layout_loops_corners,
          chequers_ecumenical_altar_simple_redux, serial_glass, glass_columns_a,
          glass_columns_b, minmay_tromino_v7
D:2:      layout_loops_ring, lexackson_kobold_supper
D:3:      layout_basic, dreamdust_princess_corridor, chequers_hall_statues_y,
          minmay_liquid_box, uniq_sigmund
D:4:      minmay_wonky_spiral, layout_basic, kennysheep_mini_moat,
          nicolae_uskayaw_en_pointe, bh_walls_and_bars, uniq_ijyb
D:5:      layout_basic, grunt_gozag_breadcrumbs, kennysheep_mini,
          marbit_many_paths, minmay_temple_entry_large_hall,
          nicolae_shop_overcharged_wands
D:6:      layout_gridville, grunt_temple_overflow_open,
          hellmonk_ghost_happy_afterlife, minmay_misc_feat_iff
D:7:      layout_rooms, mainiacjoe_overflow_paths, gammafunk_ghost_cemetery,
          enter_bailey_6
D:8:      layout_loops_ring
D:9:      layout_loops_cross, serial_demonic, serial_demonic_d,
          serial_demonic_e, serial_demonic_g, serial_demonic_f, uniq_maggie

Skill      XL: |  1  2  3  4  5  6  7  8  9 10 11 |
---------------+----------------------------------+-----
Armour         | 1 2 3 4 6 7 9 |  9.3
Invocations    | 1 2 3 4 5 6 7 |  7.7
Fighting       | 4 5 6 7 8 9 10 | 10.0
Dodging        | 4 5 6 7 9 |  9.2
Short Blades   | 4 5 6 7 9 |  9.3

Action                     |  1- 3 |  4- 6 |  7- 9 | 10-12 || total
---------------------------+-------+-------+-------+-------++-------
  Melee: Short sword       |    56 |       |   146 |   139 ||   341
         Headbutt          |    20 |    28 |    61 |    42 ||   151
         Dagger            |    18 |   159 |   145 |       ||   322
 Invoke: Ancestor Life: He |     1 |       |       |       ||     1
         Recall Ancestor   |       |       |     1 |       ||     1
    Use: Scroll            |       |       |       |    11 ||    11
   Stab: Confused          |       |     3 |     4 |     2 ||     9
         Distracted        |       |     1 |     2 |     3 ||     6
 Armour: Robe              |    11 |     6 |       |       ||    17
         Leather armour    |       |    11 |    33 |    17 ||    61
         Skin              |       |       |     7 |       ||     7
  Dodge: Dodged            |    37 |    74 |   143 |    58 ||   312

Table legend: (Time is in decaauts)
 A = Elapsed time spent in this place.
 B = Non-inter-level travel time spent in this place.
 C = Inter-level travel time spent in this place.
 D = Time resting spent in this place.
 E = Time spent auto-exploring this place.
 F = Levels seen in this place.
 G = Mean time per level.
                   A        B        C        D        E       F      G
               +--------+--------+--------+--------+--------+-----+--------+
         Total |   7950 |   7317 |    633 |    243 |   5779 |  10 |  795.0 |
       Dungeon |   7569 |   6936 |    633 |    243 |   5587 |   9 |  841.0 |
        Bailey |    381 |    381 |      0 |      0 |    192 |   1 |  381.0 |
               +--------+--------+--------+--------+--------+-----+--------+

Top non-repeatable levels by time:
     D:4: 1456 daAuts
     D:5: 1358 daAuts
     D:2: 1094 daAuts
     D:1: 938 daAuts
     D:3: 782 daAuts
     D:7: 680 daAuts
     D:8: 600 daAuts
     D:6: 594 daAuts
  Bailey: 381 daAuts
     D:9: 64 daAuts
